[Event "3rd Manaus Open 2024"]
[Site "Manaus"]
[Date "2024.10.12"]
[Round "7"]
[White "Mesquita, Eduardo Barbosa"]
[Black "Veloso, Henrique Barbosa"]
[Result "1-0"]
[ECO "C77"]
[WhiteElo "1999"]
[BlackElo "2155"]
[Annotator "RC"]
[PlyCount "109"]
[EventDate "2024.10.05"]
[EventType "swiss"]
[EventCountry "BRA"]
[SourceTitle "playchess.com"]
[Source "ChessBase"]
[SourceQuality "1"]
[TimeControl "5400+30"]

1. e4 e5 2. Nf3 Nc6 3. Bb5 a6 4. Ba4 Nf6 5. d3 d6 6. c3 Bd7 7. Nbd2 g6 8. Nf1 Bg7 9. Bg5 h6 10. Bd2 O-O 11. Ng3 b5 12. Bb3 Na5 13. Bc2 c5 14. O-O Nc6 15. Qe2 Re8 16. a4 b4 17. Qd1 Rb8 18. h3 Be6 19. Be3 bxc3 20. bxc3 Qa5 21. Qd2 Kh7 22. Rfb1 Nd7 23. Qe1 d5 24. exd5 Bxd5 25. Ne4 Bf8 26. Bd2 Qc7 27. Rxb8 Rxb8 28. Rb1 Rxb1 29. Qxb1 f5 30. Ng3 Nf6 31. h4 f4 32. Ne4 Nxe4 33. dxe4 Be6 34. Bc1 c4 35. Qa1 Bc5 36. Ba3 Ba7 37. Qd1 Qb6 38. Qd2 Kg7 39. Kh2 Bb8 40. Bd6 Kf7 41. Nxe5+ Nxe5 42. Qxf4+ Bf5 43. Bxe5 Bxe5 44. Qxe5 Be6 45. Qf4+ Kg7 46. e5 Qd8 47. Be4 a5 48. g3 g5 49. hxg5 hxg5 50. Qe3 Qe7 51. Qd4 Qf7 52. Kg1 Kh6 53. Qd8 g4 54. Qh8+ Kg5 55. Qh4# 1-0

[Event "3rd Manaus Open 2024"]
[Site "Manaus"]
[Date "2024.10.16"]
[Round "7.1"]
[White "Leitao, Rafael"]
[Black "Delgado Ramirez, Neuris"]
[Result "1/2-1/2"]
[ECO "E11"]
[WhiteElo "2592"]
[BlackElo "2496"]
[Annotator "TA"]
[PlyCount "41"]
[EventDate "2024.10.05"]
[EventType "swiss"]
[EventCountry "BRA"]
[SourceTitle "playchess.com"]
[Source "ChessBase"]
[SourceQuality "1"]
[TimeControl "5400+30"]

1. d4 Nf6 2. c4 e6 3. Nf3 Bb4+ 4. Bd2 Qe7 5. g3 Bxd2+ 6. Qxd2 d5 7. Bg2 Nbd7 8. O-O O-O {[%emt 0:00:21] White is slightly better.} 9. Qf4 c5 10. Nc3 dxc4 11. Rfd1 Nd5 12. Nxd5 exd5 13. dxc5 Qxc5 14. Nd4 Nf6 15. b3 cxb3 16. axb3 {[%emt 0:03:28] The position is equal.} Bd7 17. Nf5 Bxf5 18. Qxf5 Qb6 19. Bxd5 Nxd5 20. Qxd5 Rad8 21. Qf3 {[%emt 0:01:12] Weighted Error Value: White=0.05 (flawless) /Black=0.04 (flawless) .  OK:         	White=5     	Black=6} 1/2-1/2

[Event "3rd Manaus Open 2024"]
[Site "Manaus"]
[Date "2024.10.16"]
[Round "7.3"]
[White "Molina, Roberto Junio Brito"]
[Black "Rodriguez Vila, Andres"]
[Result "0-1"]
[ECO "A65"]
[WhiteElo "2381"]
[BlackElo "2419"]
[Annotator "RC"]
[PlyCount "148"]
[EventDate "2024.10.05"]
[EventType "swiss"]
[EventCountry "BRA"]
[SourceTitle "playchess.com"]
[Source "ChessBase"]
[SourceQuality "1"]
[TimeControl "5400+30"]

1. d4 Nf6 2. c4 c5 3. d5 d6 4. Nc3 g6 5. e4 Bg7 6. f3 O-O 7. Be3 e6 8. Qd2 exd5 9. cxd5 Bd7 10. Bc4 Na6 11. Nge2 Rb8 12. a4 Qe7 13. O-O Nb4 14. Bg5 b6 15. Na2 Nxa2 16. Rxa2 Rfe8 17. Nc3 Qf8 18. Qd3 Nh5 19. g4 Bf6 20. Bc1 Ng7 21. b3 Qe7 22. Re2 h5 23. h3 Bd4+ 24. Kg2 Qh4 25. Nb5 hxg4 26. hxg4 Be5 27. Rh1 Qe7 28. Qe3 f6 29. f4 Bd4 30. Nxd4 cxd4 31. Qxd4 Bxg4 32. Ree1 Rf8 33. Kf2 Bh5 34. Bd2 Rbc8 35. Rh2 Rc7 36. Kg1 Qd7 37. Qe3 Qc8 38. Bd3 Re7 39. Bb4 Rd8 40. Rc1 Rc7 41. Rxc7 Qxc7 42. Rc2 Qd7 43. Bc4 Qg4+ 44. Rg2 Qd1+ 45. Bf1 Re8 46. Rf2 Nf5 47. Qd3 Qg4+ 48. Kh2 Rxe4 49. Bh3 Qh4 50. Qxe4 Qxf2+ 51. Bg2 Qg3+ 52. Kg1 Kg7 53. Be1 Qxb3 54. Bf2 Qd1+ 55. Kh2 Qe2 56. Qxe2 Bxe2 57. Be1 Kf7 58. Bb4 a5 59. Be1 Ne3 60. Kg1 Nc4 61. Bc3 f5 62. Kf2 Bd3 63. Bd4 Ke7 64. Bf3 Kd7 65. Bd1 Kc7 66. Bb3 Nd2 67. Bd1 Be4 68. Bc3 Nc4 69. Be2 Bxd5 70. Kg3 Ne3 71. Kh4 Bc6 72. Bd2 Nc2 73. Bd1 Nd4 74. Bc3 Ne6 0-1

[Event "3rd Manaus Open 2024"]
[Site "Manaus"]
[Date "2024.10.16"]
[Round "7.4"]
[White "Cubas, Jose Fernando"]
[Black "Quintiliano, Renato R."]
[Result "1/2-1/2"]
[ECO "B26"]
[WhiteElo "2412"]
[BlackElo "2513"]
[Annotator "TA"]
[PlyCount "70"]
[EventDate "2024.10.05"]
[EventType "swiss"]
[EventCountry "BRA"]
[SourceTitle "playchess.com"]
[Source "ChessBase"]
[SourceQuality "1"]
[TimeControl "5400+30"]

1. e4 c5 2. Nc3 d6 3. g3 Nc6 4. Bg2 g6 5. d3 Bg7 6. Be3 Rb8 7. Qd2 b5 8. Nge2 b4 9. Nd1 Nd4 10. O-O h5 11. h4 Nh6 12. c3 Nxe2+ {[%emt 0:04:45] Black is slightly better.} 13. Qxe2 bxc3 14. bxc3 Ba6 15. f3 O-O 16. g4 hxg4 17. fxg4 f6 18. g5 ({Better is} 18. h5 $11) 18... fxg5 $15 19. Rxf8+ Qxf8 20. hxg5 Nf7 21. Bh3 Bc8 {[%emt 0:02:01] Repels Be6} 22. Bxc8 Qxc8 23. d4 cxd4 24. cxd4 Qh3 {[%emt 0:14:42][%cal Of7g5] ...Nxg5! would now be deadly.} 25. Rc1 {[%emt 0:00:50] [#]} (25. Qd2 $17 {might work better.}) 25... Rf8 $2 (25... Nxg5 $1 $19 26. Bxg5 Bxd4+ 27. Be3 Rb2 28. Qc4+ Kh7 29. Qf7+ Bg7) 26. Qg2 $11 {[%emt 0:01:40] The position is equal.} Nxg5 {[%emt 0:01:05][%cal Bf7g5,Bg5h3,Bh3f4,Bf4e2][%mdl 32] aiming for ...Nf3+.} 27. Qxh3 Nxh3+ 28. Kh2 Nf4 29. Rc7 Ne2 30. Rxe7 Bxd4 31. Bxd4 Nxd4 32. Rxa7 {[%emt 0:00:51] KRN-KRN} Rf4 33. Nc3 Rf2+ 34. Kg1 Rd2 35. Nd5 Nf3+ {[%emt 0:23:20] Weighted Error Value: White=0.23 (precise) /Black=0.17 (very precise) .  Missed win:     	---       	Black=1      Mistake:       	White=2     	---        Inaccurate:     	White=3     	Black=1      OK:         	White=9     	Black=11     Best:        	White=2     	Black=1} 1/2-1/2

[Event "3rd Manaus Open 2024"]
[Site "Manaus"]
[Date "2024.10.16"]
[Round "7.5"]
[White "Terao, Juliana Sayumi"]
[Black "Di Berardino, Diego Rafael"]
[Result "0-1"]
[ECO "C07"]
[WhiteElo "2187"]
[BlackElo "2479"]
[Annotator "TA"]
[PlyCount "62"]
[EventDate "2024.10.05"]
[EventType "swiss"]
[EventCountry "BRA"]
[SourceTitle "playchess.com"]
[Source "ChessBase"]
[SourceQuality "1"]
[TimeControl "5400+30"]

1. e4 e6 2. d4 d5 3. Nd2 c5 4. exd5 Qxd5 5. Ngf3 cxd4 6. Bc4 Qd7 7. O-O Nc6 8. Nb3 {[%emt 0:00:20][%cal Rb3d4][%mdl 1024] White has compensation.} Nf6 {[%emt 0:00:06] The position is equal.} 9. Qe2 a6 10. a4 Bd6 11. Rd1 Qe7 12. Nbxd4 Nxd4 13. Rxd4 e5 14. Rh4 Bf5 15. Bd2 (15. Bg5 $11) 15... O-O $15 16. Re1 e4 17. Nd4 Bg6 18. f4 Bc5 19. c3 Rad8 20. Qf2 (20. Be3 $15) 20... Bxd4 21. cxd4 {[%emt 0:00:09] Hoping for f5.} Bf5 22. h3 Qd6 23. Bc3 Rfe8 24. g4 ({White should try} 24. d5 $15) 24... Be6 $17 25. Bf1 {[%emt 0:01:47] [#]} Bd7 {[%emt 0:06:18] Black is more active.} 26. Bg2 {[%emt 0:06:02] [#]} (26. Qh2 $17 {might work better.}) 26... Bc6 $1 $19 (26... Bxa4 27. g5 e3 28. Rxe3 $15) 27. d5 Qxd5 ({Not} 27... Bxa4 28. Qd4 Qxf4 (28... Bc2 $2 29. g5 $18) 29. Qxa4 Nxd5 (29... Qg3 30. g5 $16) 30. Rh5 (30. Bxe4 $2 Qg3+ 31. Kf1 Nxc3 $19) (30. Rxe4 $2 Rxe4 31. Qxe4 Nxc3 $19) 30... Nxc3 31. bxc3 $11) (27... Nxd5 28. Be5 Qb4 29. Rxe4 $19) 28. Qg3 Qc5+ ({But not} 28... Bxa4 29. g5 Qc5+ 30. Qe3 Qxe3+ 31. Rxe3 $19) 29. Qf2 $2 (29. Qe3 Qe7 (29... Qxe3+ $2 30. Rxe3 Nd5 31. Rxe4 $19) 30. f5) 29... e3 {[%emt 0:00:35] Black is clearly winning.} 30. Qe2 Bxg2 (30... Rd2 $142 31. Bxc6 Rxe2 32. Bxe8 Rxe1+ 33. Bxe1 Qc1 (33... Nxe8 $2 34. Rh5 $19)) 31. Kxg2 Nd5 {[%emt 0:00:27][%csl LRc3,LRf4] Weighted Error Value: White=0.77/Black=0.22 (precise) .  Mistake:       	White=5     	---        Inaccurate:     	White=1     	Black=1      OK:         	White=8     	Black=14     Best:        	---       	Black=1      Strong:       	---       	Black=1} 0-1

[Event "3rd Manaus Open 2024"]
[Site "Manaus"]
[Date "2024.10.16"]
[Round "7.6"]
[White "Santiago, Yago De Moura"]
[Black "Pinero Rodriguez, Carlos Jose"]
[Result "1-0"]
[ECO "E01"]
[WhiteElo "2460"]
[BlackElo "2305"]
[Annotator "TA"]
[PlyCount "125"]
[EventDate "2024.10.05"]
[EventType "swiss"]
[EventCountry "BRA"]
[SourceTitle "playchess.com"]
[Source "ChessBase"]
[SourceQuality "1"]
[TimeControl "5400+30"]

1. d4 Nf6 2. c4 e6 3. Nc3 d5 4. Nf3 c6 5. g3 dxc4 6. Bg2 Nbd7 7. O-O Bb4 (7... b5 $11) 8. Qc2 $16 {[%emt 0:01:15][%mdl 1024] Wit heeft sterke compensatie. E01: Catalaans: Vroege afwijkingen.} b5 9. e4 {[%emt 0:00:42] Fout (0.9)} (9. a4 $14) 9... Bb7 $1 $15 {[%emt 0:02:04] Sterk} 10. e5 {[%emt 0:03:01] De stelling is in evenwicht.} Nd5 {[%emt 0:00:40] OK} 11. Ne4 $1 {[%emt 0:00:07] Sterk} h6 {[%emt 0:03:56] Onnauwkeurig} 12. b3 $146 {[%emt 0:03:39] Beste} ({Predecessor:} 12. a4 Be7 13. Bd2 a6 14. Rfd1 c5 15. Nd6+ Bxd6 16. exd6 Qb6 17. axb5 axb5 18. Rxa8+ Bxa8 19. dxc5 Nxc5 {0-1 Brett,A (2107)-Jaracz,P (2460) BCF-chT2a 1718 (4NCL) 2017 (7.13)}) 12... cxb3 {[%emt 0:00:41] OK} 13. axb3 Be7 {[%emt 0:12:32] Onnauwkeurig} 14. Bd2 {[%emt 0:03:11] Fout (0.7)} (14. Ba3 $11) 14... a5 {[%emt 0:02:23] OK} 15. Rfc1 b4 {[%emt 0:12:48] Fout (0.8)} (15... O-O $15) 16. Nc5 {[%emt 0:15:39] blijft gelijk. Fout (1.5)} (16. Nd6+ $11 Bxd6 17. exd6) {Zwart zou moeten proberen} 16... Bxc5 {[%emt 0:04:32] Fout (0.8)} (16... Nxc5 $17 17. dxc5 Qc7) 17. dxc5 Qc7 {[%emt 0:00:27][%cal Rd7e5] OK} 18. Qe4 Ba6 {[%emt 0:02:37] Fout (1.2)} (18... O-O $17) 19. h4 {[%emt 0:02:47] Fout (0.9)} (19. Qg4 $11) 19... Bb5 {[%emt 0:07:20] Fout (1.3)} (19... O-O $15) 20. h5 $2 {[%emt 0:07:51] was de enige goede zet. Fout (1.8)} (20. Qg4 $14) 20... O-O $17 {[%emt 0:08:03] Beste (Gemakkelijk)} 21. g4 {[%emt 0:00:32] Beste} Rae8 {[%emt 0:02:35] Fout (0.8)} (21... a4 $1 $17 22. bxa4 b3 23. axb5 b2) 22. g5 $11 {[%emt 0:04:36] Beste (Gemakkelijk)} hxg5 {[%emt 0:03:43] OK} 23. Nxg5 {[%emt 0:00:10] Onnauwkeurig} f5 $1 {[%emt 0:00:08] Sterk} 24. exf6 {[%emt 0:00:05] Beste (Gemakkelijk)} N7xf6 {[%emt 0:00:11] Een dynamisch paardenpaar.} 25. Qg6 {[%emt 0:03:12] Fout (0.8)} (25. Qh4 $11) 25... Be2 $1 $17 {[%emt 0:08:53] Sterk} 26. h6 {[%emt 0:02:26] Beste (Gemakkelijk)} Bh5 {[%emt 0:00:21] Fout (0.9)} (26... Re7 $1 $15) 27. Qxg7+ $14 {[%emt 0:00:08] Beste (Gemakkelijk)} Qxg7 28. hxg7 Kxg7 29. Rxa5 {[%emt 0:00:09] met als doel voor Re1.} Bg4 {[%emt 0:00:07] OK} 30. Ra6 Rc8 {[%emt 0:00:24][%cal Be8c8,Bc8c7,Bc7g7][%mdl 32] EV=19.28. OK} 31. f3 {[%emt 0:00:40] Wit is actiever. Fout (0.7)} (31. Kf1 $16) 31... Bf5 $11 {[%emt 0:00:51] Beste (Gemakkelijk)} {Wit zou moeten spelen} 32. Ne4 {[%emt 0:00:08] Fout (0.6)} (32. Re1 $14) 32... Rc7 33. Re1 Nh5 {[%emt 0:02:14] OK} 34. Bc1 {[%emt 0:00:14] OK} Nhf4 35. Bf1 {[%emt 0:01:05] Voorkomt Nd3.} Kh7 {[%emt 0:00:56] Fout (0.9)} (35... Kg6 $11) {Beter is} 36. Ra2 {[%emt 0:03:03] Fout (0.9)} (36. Bb2 $16) 36... Rg7+ 37. Kh1 Kg8 38. Rh2 {[%emt 0:01:23] OK} Rh7 39. Bc4 {[%emt 0:01:18] Dreigt te winnen met Rg1+.} Rxh2+ {[%emt 0:00:20] OK} 40. Kxh2 Ra8 {[%emt 0:00:43] Fout (0.8)} (40... Kf7 $1 $11) 41. Kg3 {[%emt 0:01:08] Fout (0.6)} (41. Bxf4 $1 $16 Nxf4 42. Kg3 Nh5+ 43. Kh4) 41... Ng6 {[%emt 0:01:34] Houdt de partij in balans. Fout (1.3)} (41... Ra1 $11) 42. Nd6 {[%emt 0:01:42] Hoopt vervolgens op Nxf5.} Ra1 {[%emt 0:01:18] [#] gaat door met vechten. Fout (0.7)} (42... Nge7 $16) {Wit zou moeten proberen} 43. Nxf5 {[%emt 0:00:49] Fout (0.8)} (43. Bxd5 $1 $18 cxd5 44. c6) 43... exf5 $16 44. Bd2 {[%emt 0:08:13] OK} Rxe1 {[%emt 0:01:06] OK} 45. Bxe1 Kf7 {[%emt 0:01:12] Onnauwkeurig} 46. Bxd5+ cxd5 47. Bxb4 {[%emt 0:00:11][%mdl 4096] Eindspel. c6 is de sterke dreiging. KB-KN. OK} Ne5 {[%emt 0:00:46] OK} {Wit kan overwegen} 48. Bc3 {[%emt 0:00:54] Fout (1.4)} (48. Bd2 $16) 48... Nd3 {[%emt 0:00:35][%mdl 8192] Dit kost Zwart de partij. Verliest partij (8.2)} (48... Nc6 $11) 49. b4 {[%emt 0:02:16][%cal Bb3b4,Bb4b5,Bb5b6][%mdl 32] EV=26.69. Goes to b6 (dbg)). Onnauwkeurig} d4 {[%emt 0:00:09] Fout (3.6)} (49... Ke8 $142 50. c6 d4 51. Bxd4 (51. Bd2 Kd8 $18) 51... Nxb4) 50. Bd2 $18 ({Niet} 50. Bxd4 Nxb4 51. Kf4 Nc6 $11) 50... Ke6 {[%emt 0:00:00] Onnauwkeurig} 51. c6 {[%emt 0:01:02][%cal Bc5c6,Bc6c7][%mdl 32] EV=17.38. Goes to c7 (dbg))} Ne5 52. b5 Nc4 53. Bb4 Kd5 54. Kf2 (54. c7 $142 Nb6 55. Ba5) 54... Nb6 55. c7 {[%emt 0:02:28] Ba5 zou dodelijk zijn nu.} Nc8 {[%emt 0:01:09] [#]} 56. Ba5 $1 {[%emt 0:00:14] Wit wil matzetten met b6.} Kc5 {[%emt 0:01:06] [#]} 57. b6 $1 Kc6 58. Ke2 Kb7 59. Kd3 Ne7 {[%emt 0:00:12] Wit zet mat.} 60. Bb4 ({Sterker dan} 60. Kxd4 Nc6+ 61. Kc5 (61. Kc4 Nxa5+ 62. Kd5 Kc8 $11) 61... Nxa5 $11) 60... Nc6 61. Bd6 Kc8 62. f4 Kb7 63. Bc5 {[%emt 0:00:15] Blunder waarde: Wit=0.41/Zwart=0.68.  Verliest partij:   	---       	Zwart=1      Fout:        	Wit=12     	Zwart=11     Onnauwkeurig:    	Wit=2      	Zwart=4      OK:         	Wit=4      	Zwart=11     Beste:        	Wit=6      	Zwart=2      Sterk:        	Wit=1      	Zwart=3} 1-0

[Event "3rd Manaus Open 2024"]
[Site "Manaus"]
[Date "2024.10.16"]
[Round "7.7"]
[White "Piccoli, Lucas Fonseca"]
[Black "Flom, Gabriel"]
[Result "1/2-1/2"]
[ECO "B49"]
[WhiteElo "2266"]
[BlackElo "2460"]
[Annotator "TA"]
[PlyCount "24"]
[EventDate "2024.10.05"]
[EventType "swiss"]
[EventCountry "BRA"]
[SourceTitle "playchess.com"]
[Source "ChessBase"]
[SourceQuality "1"]
[TimeControl "5400+30"]

1. e4 c5 2. Nf3 e6 3. d4 cxd4 4. Nxd4 Nc6 5. Nc3 Qc7 6. Be2 Nf6 7. O-O a6 8. Be3 Be7 9. f4 Nxd4 10. Qxd4 {[%emt 0:08:47] And now e5 would win.} d6 11. Na4 O-O 12. Nb6 Rb8 {[%emt 0:00:03] Black did not feel at home in the position after the opening.   Weighted Error Value: White=0.06 (flawless) /Black=0.09 (flawless) .  OK:         	---       	Black=1      Best:        	---       	Black=1} 1/2-1/2

[Event "3rd Manaus Open 2024"]
[Site "Manaus"]
[Date "2024.10.16"]
[Round "7.8"]
[White "Do Valle Cardoso, Lucas"]
[Black "Filgueiras, Nathan Felipe"]
[Result "1-0"]
[ECO "B32"]
[WhiteElo "2375"]
[BlackElo "2343"]
[Annotator "RC"]
[PlyCount "73"]
[EventDate "2024.10.05"]
[EventType "swiss"]
[EventCountry "BRA"]
[SourceTitle "playchess.com"]
[Source "ChessBase"]
[SourceQuality "1"]
[TimeControl "5400+30"]

1. e4 c5 2. Nf3 Nc6 3. d4 cxd4 4. Nxd4 e5 5. Nb5 d6 6. N1c3 a6 7. Na3 Be7 8. Nc4 b5 9. Ne3 Nf6 10. Ned5 O-O 11. Be3 Nxd5 12. Nxd5 Be6 13. Qd2 Rc8 14. a4 Bxd5 15. exd5 Nd4 16. Bd3 f5 17. axb5 axb5 18. O-O f4 19. Bxd4 exd4 20. Qe2 g6 21. Rfe1 Bg5 22. Qg4 Rc7 23. Re6 Bf6 24. Ra6 Be5 25. Bxg6 Rg7 26. Bxh7+ Kxh7 27. Qh5+ Kg8 28. Rxe5 d3 29. cxd3 Qc8 30. Rc6 Qa8 31. h4 Qa1+ 32. Kh2 Qxb2 33. Rxd6 Qxf2 34. Rg5 f3 35. Rxg7+ Kxg7 36. Rd7+ Kf6 37. Qg5# 1-0

[Event "3rd Manaus Open 2024"]
[Site "Manaus"]
[Date "2024.10.16"]
[Round "7.9"]
[White "Matsuura, Everaldo"]
[Black "Silva, Guilherme Henrique D"]
[Result "1-0"]
[ECO "A20"]
[WhiteElo "2357"]
[BlackElo "2085"]
[Annotator "RC"]
[PlyCount "141"]
[EventDate "2024.10.05"]
[EventType "swiss"]
[EventCountry "BRA"]
[SourceTitle "playchess.com"]
[Source "ChessBase"]
[SourceQuality "1"]
[TimeControl "5400+30"]

1. c4 e5 2. g3 Nf6 3. Bg2 d5 4. cxd5 Nxd5 5. Nf3 Nc6 6. O-O Be7 7. d4 exd4 8. Nxd4 Nxd4 9. Qxd4 Nf6 10. Qa4+ c6 11. Rd1 Qb6 12. Be3 Qc7 13. Bf4 Qb6 14. Nd2 O-O 15. Nc4 Qb4 16. Qxb4 Bd6 17. Qc5 Bxc5 18. a3 Be7 19. Na5 Nd5 20. Bd2 Bf6 21. e4 Nb6 22. Rab1 Na4 23. b4 Nc3 24. Bxc3 Bxc3 25. f4 Rb8 26. h3 Bf6 27. Kf2 Bd8 28. Rd2 f6 29. Bf1 Bb6+ 30. Kf3 Rd8 31. Rxd8+ Bxd8 32. Bc4+ Kf8 33. g4 Ke7 34. Nb3 Bb6 35. Rd1 Be6 36. Bxe6 Kxe6 37. f5+ Ke7 38. e5 fxe5 39. Ke4 Rd8 40. Rxd8 Bxd8 41. Nc5 b5 42. Ne6 Bb6 43. Nxg7 c5 44. Kxe5 c4 45. Ke4 a5 46. Ne6 axb4 47. axb4 h6 48. Nf4 Bf2 49. Nd5+ Kf7 50. Nc3 Be1 51. Nxb5 Bxb4 52. Kd4 Kf6 53. Kxc4 Bf8 54. Nd4 h5 55. Ne6 hxg4 56. hxg4 Ba3 57. Kd5 Bb2 58. Ke4 Bc3 59. g5+ Kf7 60. Kf3 Bb2 61. Kg4 Bc3 62. Nf4 Bb2 63. Nd5 Kg7 64. Kh5 Kf7 65. g6+ Kg7 66. f6+ Kh8 67. Kg5 Bc1+ 68. Kf5 Bh6 69. Ke6 Kg8 70. Ne7+ Kh8 71. Kf7 1-0

[Event "3rd Manaus Open 2024"]
[Site "Manaus"]
[Date "2024.10.16"]
[Round "7.10"]
[White "Lira, Suan Bruno Fernandes"]
[Black "Sunye Neto, Jaime"]
[Result "1-0"]
[ECO "B66"]
[WhiteElo "2037"]
[BlackElo "2381"]
[Annotator "RC"]
[PlyCount "61"]
[EventDate "2024.10.05"]
[EventType "swiss"]
[EventCountry "BRA"]
[SourceTitle "playchess.com"]
[Source "ChessBase"]
[SourceQuality "1"]
[TimeControl "5400+30"]

1. e4 c5 2. Nf3 d6 3. d4 cxd4 4. Nxd4 Nf6 5. Nc3 Nc6 6. Bg5 Qb6 7. Nb3 e6 8. Qd2 a6 9. O-O-O Qc7 10. Kb1 Bd7 11. f4 O-O-O 12. Be2 Be7 13. Bxf6 gxf6 14. Bh5 Rdf8 15. Rhf1 b5 16. Qe2 Kb8 17. Nd5 Qd8 18. Nxe7 Qxe7 19. Qd2 Kc7 20. Rf3 Rd8 21. Na5 Kb8 22. Ra3 Nxa5 23. Qxa5 Bc8 24. Qb6+ Ka8 25. Qxb5 d5 26. Qc6+ Bb7 27. Rxa6+ Kb8 28. Qb6 dxe4 29. Ra3 Rxd1+ 30. Bxd1 Qd7 31. Be2 1-0

[Event "3rd Manaus Open 2024"]
[Site "Manaus"]
[Date "2024.10.17"]
[Round "8.1"]
[White "Rodriguez Vila, Andres"]
[Black "Leitao, Rafael"]
[Result "1/2-1/2"]
[ECO "E05"]
[WhiteElo "2419"]
[BlackElo "2592"]
[Annotator "TA"]
[PlyCount "49"]
[EventDate "2024.10.05"]
[EventType "swiss"]
[EventCountry "BRA"]
[SourceTitle "playchess.com"]
[Source "ChessBase"]
[SourceQuality "1"]
[TimeControl "5400+30"]

1. d4 Nf6 2. Nf3 e6 3. g3 d5 4. c4 Be7 5. Bg2 O-O 6. O-O dxc4 7. Qc2 a6 8. a4 Bd7 9. Ne5 Bc6 10. Nxc6 Nxc6 11. Bxc6 bxc6 12. Qxc4 Qd5 13. Nd2 Rfd8 14. Qxd5 {[%emt 0:00:47] The position is equal.} (14. Rb1 {is interesting.} a5 15. b3 Bb4 16. Rb2) 14... cxd5 15. b3 Bb4 16. Nf3 c5 17. dxc5 Bxc5 18. Bb2 Ne4 19. Bd4 Rab8 ({Black should try} 19... Bf8 $15) 20. Rfc1 $11 Rdc8 21. Bxc5 Nxc5 22. Nd2 Nd7 (22... Nxb3 $2 {loses.} 23. Nxb3 g5 24. Rc5 $18) 23. Kf1 Kf8 24. Ke1 Ke7 25. Kd1 {[%emt 0:00:11] Weighted Error Value: White=0.11 (very precise) /Black=0.10 (very precise) .  Mistake:       	---       	Black=1      Inaccurate:     	White=1     	Black=1      OK:         	White=4     	Black=5      Best:        	White=1     	---} 1/2-1/2

[Event "3rd Manaus Open 2024"]
[Site "Manaus"]
[Date "2024.10.17"]
[Round "8.2"]
[White "Di Berardino, Diego Rafael"]
[Black "Fier, Alexandr"]
[Result "1/2-1/2"]
[ECO "E17"]
[WhiteElo "2479"]
[BlackElo "2539"]
[Annotator "TA"]
[PlyCount "35"]
[EventDate "2024.10.05"]
[EventType "swiss"]
[EventCountry "BRA"]
[SourceTitle "playchess.com"]
[Source "ChessBase"]
[SourceQuality "1"]
[TimeControl "5400+30"]

1. c4 e6 2. Nf3 b6 3. d4 Nf6 4. g3 Bb7 5. Bg2 Be7 6. O-O O-O 7. Re1 a5 8. Nc3 Ne4 9. Bd2 f5 {[%emt 0:04:46] The position is equal.} 10. Ne5 d6 11. Nd3 Bf6 12. e3 Qe8 13. Nf4 Nxc3 14. Bxc3 Bxg2 15. Nxg2 Nc6 16. Nf4 g5 17. Nxe6 Qxe6 18. d5 {[%emt 0:00:01] Weighted Error Value: White=0.07 (flawless) /Black=0.02 (flawless) .  Inaccurate:     	White=2     	---        OK:         	White=6     	Black=6      Best:        	White=1     	---} 1/2-1/2

[Event "3rd Manaus Open 2024"]
[Site "Manaus"]
[Date "2024.10.17"]
[Round "8.3"]
[White "Delgado Ramirez, Neuris"]
[Black "Cubas, Jose Fernando"]
[Result "1-0"]
[ECO "C04"]
[WhiteElo "2496"]
[BlackElo "2412"]
[Annotator "TA"]
[PlyCount "63"]
[EventDate "2024.10.05"]
[EventType "swiss"]
[EventCountry "BRA"]
[SourceTitle "playchess.com"]
[Source "ChessBase"]
[SourceQuality "1"]
[TimeControl "5400+30"]

1. e4 e6 2. d4 d5 3. Nd2 Nc6 4. Ngf3 Nf6 5. e5 Nd7 6. Nb3 a5 7. a4 Be7 8. Bb5 Na7 9. Bd3 (9. Nxa5 c6 10. Bd3 Qxa5+ $17) 9... b6 10. Bd2 c5 {[%emt 0:03:24] aiming for ...c4.} 11. dxc5 {[%emt 0:00:20] The position is equal.} Nxc5 12. Nfd4 Qc7 13. f4 Bd7 14. O-O g6 15. Qf3 Rb8 16. Kh1 Nxd3 17. cxd3 {[%emt 0:00:32][%cal Of4f5] And now f5! would win.} Qb7 (17... O-O $11) 18. Qg3 (18. f5 $16 exf5 19. g4) 18... b5 $2 (18... h5 $1 $11) 19. axb5 ({Inferior is} 19. Nxa5 Qb6 20. Nxb5 Nxb5 21. axb5 Qxb5 $11) (19. Bxa5 bxa4 20. Nd2 O-O $17 (20... Qxb2 $2 21. Rab1 $18)) ({White must play} 19. f5 $1 $18) 19... Nxb5 20. Nxa5 {[%emt 0:08:59] White is much more active. A dynamic duo of knights.} ({But not} 20. Bxa5 Nxd4 21. Nxd4 Qxb2 $15) 20... Qb6 {[%emt 0:00:06] [#]} 21. Nxb5 ({White should try} 21. Ndb3 $1 $16) 21... Bxb5 22. b4 Qd4 (22... O-O $11) 23. Nb3 $1 $36 {[%emt 0:05:39][%mdl 2048] Black is under pressure.} Qxd3 24. Rf3 Qf5 {[%emt 0:04:03][%mdl 8192] This move loses the game for Black.} (24... Qe2 $14) 25. Nd4 $18 Qh5 26. Nxb5 Rxb5 {[%emt 0:00:03] [#]} 27. Ra8+ Bd8 {[%emt 0:00:07] [#] Black is weak on the dark squares} 28. f5 $1 {[%emt 0:00:29][%mdl 512] Hoping for fxe6.} d4 (28... O-O 29. fxe6) 29. fxe6 {[%emt 0:02:10] White wants to mate with Qf4.} fxe6 30. Qf4 Qf5 {[%emt 0:00:45] [#]} 31. Rxd8+ $1 Kxd8 32. Qh4+ {[%emt 0:28:16] Weighted Error Value: White=0.23 (precise) /Black=0.94.  Loses game:     	---       	Black=2      Mistake:       	White=3     	Black=2      Inaccurate:     	White=1     	Black=3      OK:         	White=7     	Black=5      Best:        	White=2     	---        Strong:       	White=1     	---} (32. Qxd4+ $142 Rd5 33. Qb6+ Ke7 34. Rxf5 gxf5 35. Qc7+ Ke8 36. Qc8+ Ke7 37. Qxh8 Rxd2 38. Qxh7+ Ke8 39. h3) 1-0